Devils vs BlueJackets

Created - Sunday, March 20, 2016 at 01:13

Goals
1 2 3 T
Devils 2 3 3 8
BlueJackets 0 0 1 1
Shots
1 2 3 T
Devils 10 8 11 29
BlueJackets 8 6 11 25

1st period

1. Devils , Scottie Upshall 23 (Matt Cullen) at 6:06
2. Devils , Brad Hunt 8 (Ales Hemsky, Scottie Upshall) at 10:28 (PP)

Penalties :
Radko Gudas (NJD) for Hooking (Minor) at 0:36, Chris Thorburn (Clb) for Tripping (Minor) at 9:52, David Warsofsky (NJD) for Goalie Interference (Minor) at 14:22

2nd period

3. Devils , Matt Cullen 19 (Scottie Upshall, Ales Hemsky) at 1:04
4. Devils , Paul Stastny 44 (Tyler Johnson, Drew Stafford) at 2:51 (PP)
5. Devils , Drew Stafford 31 (Paul Stastny, David Warsofsky) at 9:30

Penalties :
Andrej Meszaros (Clb) for Slashing (Minor) at 1:33, Radko Gudas (NJD) for Goalie Interference (Minor) at 16:45

3rd period

6. Devils , Scottie Upshall 24 (Ales Hemsky, Matt Cullen) at 0:39
7. BlueJackets , Andrej Meszaros 8 (Drew Shore, Ryane Clowe) at 1:14
8. Devils , Tyler Johnson 56 (Paul Stastny) at 2:25 (PP)
9. Devils , Drew Stafford 32 (Tyler Johnson, Paul Stastny) at 11:25 (PP)

Penalties :
Teddy Purcell (Clb) for High sticking (Minor) at 1:58, Chris Wideman (NJD) for Hooking (Minor) at 3:08, Chris Thorburn (Clb) for Holding Stick (Minor) at 4:31, Teddy Purcell (Clb) for Hooking (Minor) at 10:01

Goalie Stats

Devan Dubnyk (NJD), 24 saves from 25 shots - (0.960), W, 34-25-4, 60:00 minutes
Joni Ortio (Clb), 13 saves from 17 shots - (0.765), 37:09 minutes
Anders Lindback (Clb), 8 saves from 12 shots - (0.667), L, 4-16-1, 22:51 minutes

Players Stats for Devils

Player Name              G  A  P  +/- PIM S  H  SB GA TA FO     MP     PP MP  PK MP  
------------------------------------------------------------------------------------
Ales Hemsky              0  3  3   3  0   0  0  0  3  0  1/2    19:28   2:47   1:31 
Andrew Miller            0  0  0   0  0   6  0  1  3  0  1/7    12:54   0:00   0:00 
Brad Hunt                1  0  1   1  0   1  0  1  0  2  0/0    22:27   2:48   5:20 
Brendan Shinnimin        0  0  0   0  0   1  0  0  0  0  1/2     9:08   0:00   1:16 
Chris Porter             0  0  0   1  0   0  2  1  1  0  0/0     8:24   0:00   0:38 
Chris Wideman            0  0  0   1  2   0  0  1  0  1  0/0    25:20   2:21   4:42 
David Warsofsky          0  1  1   1  2   1  0  0  0  0  0/0     3:17   0:00   0:00 
Drew Stafford            2  1  3   0  0   3  1  0  0  0  1/2    15:47   2:54   0:00 
Jason Akeson             0  0  0   0  0   1  0  0  2  0  0/0    12:54   0:00   0:00 
Matt Cullen              1  2  3   3  0   3  0  0  0  2  10/16  21:12   1:54   5:26 
Matt Greene              0  0  0   0  0   1  6  2  0  1  0/0    16:35   0:00   2:00 
Matt Irwin               0  0  0   1  0   0  0  1  0  0  0/0    14:55   0:00   0:00 
Paul Stastny             1  3  4   0  0   1  0  0  1  0  9/14   16:08   3:14   0:00 
Radko Gudas              0  0  0   1  4   0  3  1  0  3  0/0    17:52   0:00   2:09 
Scooter Vaughan          0  0  0   1  0   0  2  0  0  0  0/0    17:54   2:21   0:29 
Scottie Upshall          2  2  4   3  0   6  3  0  3  0  1/1    21:12   1:54   5:26 
Tyler Johnson            1  2  3  -1  0   2  2  0  4  2  0/0    21:01   3:14   0:23 
Zach Boychuk             0  0  0   0  0   3  1  0  0  0  1/1    15:32   2:13   0:00 

Players Stats for BlueJackets

Player Name              G  A  P  +/- PIM S  H  SB GA TA FO     MP     PP MP  PK MP  
------------------------------------------------------------------------------------
Andrej Meszaros          1  0  1  -2  2   3  2  5  0  4  0/0    24:34   3:33   2:23 
Austin Watson            0  0  0   0  0   1  1  0  1  1  2/4    15:24   0:00   2:36 
Brian Dumoulin           0  0  0   0  0   1  1  0  0  0  0/0    14:46   0:00   0:00 
Carl Klingberg           0  0  0  -2  0   0  0  0  0  0  0/0     8:47   0:00   0:00 
Chad Ruhwedel            0  0  0   0  0   0  0  2  0  0  0/0    15:56   0:00   1:10 
Chris Thorburn           0  0  0   0  4   0  3  1  1  0  1/1    17:26   3:28   0:00 
Drew Shore               0  1  1   0  0   2  1  1  2  0  7/11   17:11   3:29   0:00 
Magnus Paajarvi          0  0  0   0  0   1  1  1  4  0  1/1    16:17   0:00   4:32 
Matt Nieto               0  0  0  -1  0   3  3  0  1  0  0/1    17:27   3:51   0:00 
Nick Shore               0  0  0   0  0   4  2  0  1  0  2/6    15:45   0:23   0:09 
Patrick Wiercioch        0  0  0   0  0   2  1  1  2  1  0/0    21:36   3:33   3:33 
Raphael Diaz             0  0  0  -1  0   0  0  0  0  0  0/0    19:29   3:47   1:35 
Ryan Garbutt             0  0  0  -2  0   0  0  0  1  0  1/2     8:25   0:00   0:00 
Ryane Clowe              0  1  1   0  0   3  1  0  1  0  1/1    17:11   3:29   0:00 
Sam Gagner               0  0  0  -1  0   3  0  0  4  0  1/1    17:27   3:51   0:00 
Seth Helgeson            0  0  0  -1  0   1  2  1  0  1  0/0    19:29   3:47   1:35 
Teddy Purcell            0  0  0  -3  4   1  0  1  0  0  4/17   22:52   3:28   2:59 
Trevor van Riemsdyk      0  0  0  -2  0   0  0  0  0  0  0/0     4:09   0:00   0:00 

3 Stars

1 - Scottie Upshall (NJD)
2 - Matt Cullen (NJD)
3 - Drew Stafford (NJD)

Power Play

Devils - 4 on 5 Attempt(s) - 80.00%
BlueJackets - 0 on 4 Attempt(s) - 0.00%

Penalty Kill

Devils - 4 on 4 Attempt(s) - 100.00% - Score 0 goal in Penalty Kill
BlueJackets - 1 on 5 Attempt(s) - 20.00% - Score 0 goal in Penalty Kill

Team Stat

Devils - Hits : 20 - Faceoff Wins : 25 - Blocked Shots : 8 - Penalty Minutes : 8
BlueJackets - Hits : 18 - Faceoff Wins : 20 - Blocked Shots : 13 - Penalty Minutes : 10

Official

Referees : Unknown
Linesman : Unknown

Game Notes

Joni Ortio enters game at 2:51 of 2nd period

Finance

Level 1 -- Attendance: 4362 (72.70%) -- Ticket Income $436,200
Level 2 -- Attendance: 3371 (67.42%) -- Ticket Income $202,260
Level 3 -- Attendance: 1413 (70.65%) -- Ticket Income $49,455
Level 4 -- Attendance: 3144 (78.60%) -- Ticket Income $62,880
Luxury Box -- Attendance: 701 (70.10%) -- Ticket Income $140,200
Game was played at the Nationwide Arena.
Total Attendance: 12991 (72.17%)
Total Ticket Income: $890,995
Other Income: $436,588
Total Income: $1,327,583

Devils

5 vs 5 Forward 
   Center                   Left Wing                Right Wing               Time % Phy DF OF 
 1 Paul Stastny             Tyler Johnson            Drew Stafford            38     0   0  5  
 2 Matt Cullen              Scottie Upshall          Ales Hemsky              30     1   2  2  
 3 Andrew Miller            Zach Boychuk             Jason Akeson             22     1   2  2  
 4 Brendan Shinnimin        Chris Porter             Tyler Johnson            10     1   2  2  

5 vs 5 Defense 
   Defense                  Defense                                           Time % Phy DF OF 
 1 Matt Greene              Chris Wideman                                     35     1   2  2  
 2 Matt Irwin               Radko Gudas                                       34     1   2  2  
 3 Brad Hunt                Scooter Vaughan                                   30     1   2  2  
 4 Chris Wideman            David Warsofsky                                   1      1   2  2  

PowerPlay Forward 
   Center                   Left Wing                Right Wing               Time % Phy DF OF 
 1 Paul Stastny             Tyler Johnson            Drew Stafford            60     0   0  5  
 2 Matt Cullen              Zach Boychuk             Scottie Upshall          40     0   0  5  

PowerPlay Defense
   Defense                  Defense                                           Time % Phy DF OF 
 1 Ales Hemsky              Brad Hunt                                         60     0   0  5  
 2 Chris Wideman            Scooter Vaughan                                   40     0   0  5  

Penalty Kill 4 Players Forward 
   Center                   Wing                     Time % Phy DF OF 
 1 Matt Cullen              Scottie Upshall          60     0   5  0  
 2 Brendan Shinnimin        Ales Hemsky              40     0   5  0  

Penalty Kill 4 Players Defense
   Defense                  Defense                  Time % Phy DF OF 
 1 Radko Gudas              Brad Hunt                60     0   5  0  
 2 Chris Wideman            Matt Greene              40     0   5  0  

Penalty Kill - 3 Players Forward 
   Forward                                           Time % Phy DF OF 
 1 Matt Cullen                                       60     0   5  0  
 2 Brendan Shinnimin                                 40     0   5  0  

Penalty Kill - 3 Players Defense
   Defense                  Defense                  Time % Phy DF OF 
 1 Radko Gudas              Brad Hunt                60     0   5  0  
 2 Chris Wideman            Scooter Vaughan          40     0   5  0  

4 vs 4 Forward 
   Center                   Wing                     Time % Phy DF OF 
 1 Paul Stastny             Tyler Johnson            60     0   0  5  
 2 Brendan Shinnimin        Matt Cullen              40     1   3  1  

4 vs 4 Defense
   Defense                  Defense                  Time % Phy DF OF 
 1 Chris Wideman            Brad Hunt                60     0   0  5  
 2 Radko Gudas              Scooter Vaughan          40     1   3  1  

Last Minutes Offensive
   Center                   Left Wing                Right Wing               Defense                  Defense                  
   Paul Stastny             Tyler Johnson            Drew Stafford            Matt Greene              Chris Wideman            

Last Minutes Defensive
   Center                   Left Wing                Right Wing               Defense                  Defense                  
   Paul Stastny             Matt Cullen              Scottie Upshall          Radko Gudas              Matt Greene              

Goaltenders
Starting : Devan Dubnyk             
Backup : Thomas Greiss            

Extra Forwards
Normal : Tyler Johnson, Scottie Upshall, Zach Boychuk - PP : Zach Boychuk, Jason Akeson - PK : Ales Hemsky
Extra Defensemen
Normal : Chris Wideman, Scooter Vaughan, Brad Hunt - PP : Brad Hunt - PK : Chris Wideman, Scooter Vaughan
Penalty Shots
Matt Cullen, Drew Stafford, Ales Hemsky, Tyler Johnson, Andrew Miller

BlueJackets

5 vs 5 Forward 
   Center                   Left Wing                Right Wing               Time % Phy DF OF 
 1 Teddy Purcell            Sam Gagner               Matt Nieto               35     1   2  2  
 2 Drew Shore               Ryane Clowe              Chris Thorburn           30     1   2  2  
 3 Nick Shore               Magnus Paajarvi          Austin Watson            22     1   2  2  
 4 Ryan Garbutt             Carl Klingberg           Teddy Purcell            13     1   2  2  

5 vs 5 Defense 
   Defense                  Defense                                           Time % Phy DF OF 
 1 Andrej Meszaros          Patrick Wiercioch                                 35     1   2  2  
 2 Raphael Diaz             Seth Helgeson                                     30     1   2  2  
 3 Brian Dumoulin           Chad Ruhwedel                                     22     1   2  2  
 4 Trevor van Riemsdyk      Andrej Meszaros                                   13     1   2  2  

PowerPlay Forward 
   Center                   Left Wing                Right Wing               Time % Phy DF OF 
 1 Teddy Purcell            Sam Gagner               Matt Nieto               60     1   2  2  
 2 Drew Shore               Ryane Clowe              Chris Thorburn           40     1   2  2  

PowerPlay Defense
   Defense                  Defense                                           Time % Phy DF OF 
 1 Andrej Meszaros          Patrick Wiercioch                                 60     1   2  2  
 2 Raphael Diaz             Seth Helgeson                                     40     1   2  2  

Penalty Kill 4 Players Forward 
   Center                   Wing                     Time % Phy DF OF 
 1 Teddy Purcell            Magnus Paajarvi          60     1   2  2  
 2 Matt Nieto               Ryane Clowe              40     1   2  2  

Penalty Kill 4 Players Defense
   Defense                  Defense                  Time % Phy DF OF 
 1 Andrej Meszaros          Patrick Wiercioch        60     1   2  2  
 2 Raphael Diaz             Seth Helgeson            40     1   2  2  

Penalty Kill - 3 Players Forward 
   Forward                                           Time % Phy DF OF 
 1 Matt Nieto                                        60     1   2  2  
 2 Ryane Clowe                                       40     1   2  2  

Penalty Kill - 3 Players Defense
   Defense                  Defense                  Time % Phy DF OF 
 1 Andrej Meszaros          Patrick Wiercioch        60     1   2  2  
 2 Raphael Diaz             Seth Helgeson            40     1   2  2  

4 vs 4 Forward 
   Center                   Wing                     Time % Phy DF OF 
 1 Chris Thorburn           Nick Shore               60     1   2  2  
 2 Matt Nieto               Ryane Clowe              40     1   2  2  

4 vs 4 Defense
   Defense                  Defense                  Time % Phy DF OF 
 1 Andrej Meszaros          Patrick Wiercioch        60     1   2  2  
 2 Raphael Diaz             Seth Helgeson            40     1   2  2  

Last Minutes Offensive
   Center                   Left Wing                Right Wing               Defense                  Defense                  
   Teddy Purcell            Sam Gagner               Matt Nieto               Andrej Meszaros          Patrick Wiercioch        

Last Minutes Defensive
   Center                   Left Wing                Right Wing               Defense                  Defense                  
   Teddy Purcell            Sam Gagner               Matt Nieto               Andrej Meszaros          Patrick Wiercioch        

Goaltenders
Starting : Anders Lindback          
Backup : Joni Ortio               

Extra Forwards
Normal : Nick Shore, Magnus Paajarvi, Austin Watson - PP : Nick Shore, Magnus Paajarvi - PK : Austin Watson
Extra Defensemen
Normal : Brian Dumoulin, Chad Ruhwedel, Trevor van Riemsdyk - PP : Brian Dumoulin - PK : Chad Ruhwedel, Trevor van Riemsdyk
Penalty Shots
Austin Watson, Teddy Purcell, Matt Nieto, Ryane Clowe, Chris Thorburn

% Time on Ice - Devils

Lines # - Real PCT - Wanted PCT - Time Play
Normal Forward
1 - 28% - 38% - 13:08
2 - 28% - 30% - 13:22
3 - 27% - 22% - 12:54
4 - 16% - 10% - 7:32
Normal Defense
1 - 31% - 35% - 14:31
2 - 34% - 34% - 16:08
3 - 28% - 30% - 13:19
4 - 6% - 1% - 2:58
PP Forward
1 - 63% - 60% - 3:14
2 - 37% - 40% - 1:54
PP Defense
1 - 55% - 60% - 2:48
2 - 45% - 40% - 2:20
PK Forward
1 - 83% - 60% - 6:04
2 - 17% - 40% - 1:16
PK Defense
1 - 73% - 60% - 5:20
2 - 27% - 40% - 2:00
PK3 Forward
1 - 0% - 60%
2 - 0% - 40%
PK3 Defense
1 - 0% - 60%
2 - 0% - 40%
44 Forward
1 - 100% - 60% - 0:36
2 - 0% - 40% - 0:00
44 Defense
1 - 100% - 60% - 0:36
2 - 0% - 40% - 0:00
Last Minute Offensive  - 0:00
Last Minute Defensive  - 0:00
Total
Forward - 60:00
Defense - 60:00

% Time on Ice - BlueJackets

Lines # - Real PCT - Wanted PCT - Time Play
Normal Forward
1 - 29% - 35% - 13:40
2 - 29% - 30% - 13:42
3 - 24% - 22% - 11:09
4 - 18% - 13% - 8:25
Normal Defense
1 - 30% - 35% - 13:54
2 - 30% - 30% - 14:07
3 - 31% - 22% - 14:46
4 - 9% - 13% - 4:09
PP Forward
1 - 53% - 60% - 3:51
2 - 48% - 40% - 3:29
PP Defense
1 - 48% - 60% - 3:33
2 - 52% - 40% - 3:47
PK Forward
1 - 100% - 60% - 5:08
2 - 0% - 40% - 0:00
PK Defense
1 - 69% - 60% - 3:33
2 - 31% - 40% - 1:35
PK3 Forward
1 - 0% - 60%
2 - 0% - 40%
PK3 Defense
1 - 0% - 60%
2 - 0% - 40%
44 Forward
1 - 100% - 60% - 0:36
2 - 0% - 40% - 0:00
44 Defense
1 - 100% - 60% - 0:36
2 - 0% - 40% - 0:00
Last Minute Offensive  - 0:00
Last Minute Defensive  - 0:00
Total
Forward - 60:00
Defense - 60:00

Play by Play

1st period


0:01 of 1st period - Drew Stafford wins face-off versus Teddy Purcell in neutral zone.
0:22 of 1st period - Snap shot by Tyler Johnson.
0:22 of 1st period - Stopped by Anders Lindback with a rebound.
0:27 of 1st period - Off-side.
0:28 of 1st period - Drew Shore wins face-off versus Ales Hemsky in neutral zone.
0:36 of 1st period - Minor Penalty to Radko Gudas for Hooking.
0:37 of 1st period - Matt Cullen wins face-off versus Teddy Purcell in Devils zone.
0:44 of 1st period - Off-side.
0:45 of 1st period - Teddy Purcell wins face-off versus Matt Cullen in neutral zone.
0:54 of 1st period - Wrist shot by Sam Gagner.
0:54 of 1st period - Stopped by Devan Dubnyk without a rebound.
0:55 of 1st period - Matt Cullen wins face-off versus Teddy Purcell in Devils zone.
1:48 of 1st period - Icing by Drew Shore.
1:49 of 1st period - Ryane Clowe wins face-off versus Matt Cullen in BlueJackets zone.
1:59 of 1st period - Seth Helgeson is hit by Scottie Upshall and loses puck.
2:15 of 1st period - Slapshot by Drew Shore.
2:15 of 1st period - Shot Misses the Net.
2:17 of 1st period - Slapshot by Seth Helgeson.
2:17 of 1st period - Shot Misses the Net.
2:19 of 1st period - Backhand shot by Raphael Diaz.
2:19 of 1st period - Shot Blocked by Matt Greene.
2:29 of 1st period - Seth Helgeson is hit by Matt Greene.
2:36 of 1st period - Penalty to Radko Gudas is over, Radko Gudas is back on ice.
2:39 of 1st period - Snap shot by Sam Gagner.
2:39 of 1st period - Shot Misses the Net.
3:01 of 1st period - Wrist shot by Nick Shore.
3:01 of 1st period - Stopped by Devan Dubnyk without a rebound.
3:02 of 1st period - Andrew Miller wins face-off versus Nick Shore in Devils zone.
3:33 of 1st period - Slapshot by Brad Hunt.
3:33 of 1st period - Shot Misses the Net.
3:39 of 1st period - Wrist shot by Zach Boychuk.
3:39 of 1st period - Stopped by Anders Lindback with a rebound.
4:09 of 1st period - Icing by Drew Shore.
4:10 of 1st period - Brendan Shinnimin wins face-off versus Drew Shore in BlueJackets zone.
4:41 of 1st period - Snap shot by Ryane Clowe.
4:41 of 1st period - Shot Misses the Net.
4:43 of 1st period - Snap shot by Drew Shore.
4:43 of 1st period - Stopped by Devan Dubnyk with a rebound.
5:02 of 1st period - Andrew Miller is hit by Matt Nieto and loses puck.
5:53 of 1st period - Scottie Upshall is hit by Seth Helgeson and loses puck.
6:06 of 1st period - Snap shot by Scottie Upshall.
6:06 of 1st period - Goal by Scottie Upshall - Devils : 1 - BlueJackets : 0.
6:07 of 1st period - Nick Shore wins face-off versus Paul Stastny in neutral zone.
6:28 of 1st period - Slapshot by Magnus Paajarvi.
6:28 of 1st period - Shot Misses the Net.
6:59 of 1st period - Patrick Wiercioch is hit by Scooter Vaughan and loses puck.
7:04 of 1st period - Slapshot by Ales Hemsky.
7:04 of 1st period - Shot Misses the Net.
7:12 of 1st period - Matt Cullen is hit by Chris Thorburn and loses puck.
7:21 of 1st period - Snap shot by Drew Shore.
7:21 of 1st period - Stopped by Devan Dubnyk with a rebound.
7:23 of 1st period - Slapshot by Seth Helgeson.
7:23 of 1st period - Deflect By Ryane Clowe.
7:23 of 1st period - Stopped by Devan Dubnyk with a rebound.
8:51 of 1st period - Wrist shot by Brendan Shinnimin.
8:51 of 1st period - Shot Misses the Net.
8:53 of 1st period - Slapshot by Brendan Shinnimin.
8:53 of 1st period - Stopped by Anders Lindback with a rebound.
9:23 of 1st period - Trevor van Riemsdyk is hit by Radko Gudas and loses puck.
9:52 of 1st period - Minor Penalty to Chris Thorburn for Tripping.
9:53 of 1st period - Paul Stastny wins face-off versus Teddy Purcell in BlueJackets zone.
10:26 of 1st period - Slapshot by Ales Hemsky.
10:26 of 1st period - Shot Misses the Net.
10:28 of 1st period - Snap shot by Brad Hunt.
10:28 of 1st period - Goal by Brad Hunt - Devils : 2 - BlueJackets : 0.
10:29 of 1st period - Drew Shore wins face-off versus Andrew Miller in neutral zone.
10:48 of 1st period - Wrist shot by Patrick Wiercioch.
10:48 of 1st period - Deflect By Jason Akeson.
10:48 of 1st period - Stopped by Devan Dubnyk with a rebound.
11:23 of 1st period - Jason Akeson is hit by Matt Nieto and loses puck.
12:44 of 1st period - Chris Thorburn is hit by Tyler Johnson and loses puck.
13:39 of 1st period - Teddy Purcell is hit by Scottie Upshall and loses puck.
14:03 of 1st period - Snap shot by Tyler Johnson.
14:03 of 1st period - Shot Blocked by Chad Ruhwedel.
14:22 of 1st period - Minor Penalty to David Warsofsky for Goalie Interference.
14:23 of 1st period - Matt Cullen wins face-off versus Drew Shore in Devils zone.
14:53 of 1st period - Snap shot by Scottie Upshall.
14:53 of 1st period - Stopped by Anders Lindback with a rebound.
15:07 of 1st period - Andrej Meszaros is hit by Radko Gudas and loses puck.
16:22 of 1st period - Penalty to David Warsofsky is over, David Warsofsky is back on ice.
16:22 of 1st period - Seth Helgeson is hit by Matt Greene and loses puck.
16:31 of 1st period - Brad Hunt is hit by Seth Helgeson and loses puck.
17:00 of 1st period - Wrist shot by Andrew Miller.
17:00 of 1st period - Shot Blocked by Magnus Paajarvi.
17:02 of 1st period - Snap shot by Brad Hunt.
17:02 of 1st period - Deflect By Andrew Miller.
17:02 of 1st period - Stopped by Anders Lindback with a rebound.
17:04 of 1st period - Wrist shot by Jason Akeson.
17:04 of 1st period - Stopped by Anders Lindback with a rebound.
17:18 of 1st period - Backhand shot by Andrew Miller.
17:18 of 1st period - Stopped by Anders Lindback with a rebound.
17:48 of 1st period - Slapshot by Ryan Garbutt.
17:48 of 1st period - Shot Misses the Net.
18:05 of 1st period - Snap shot by Teddy Purcell.
18:05 of 1st period - Stopped by Devan Dubnyk with a rebound.
18:07 of 1st period - Slapshot by Brian Dumoulin.
18:07 of 1st period - Shot Blocked by Matt Irwin.
18:21 of 1st period - Tyler Johnson is hit by Ryane Clowe and loses puck.
19:06 of 1st period - Slapshot by Scottie Upshall.
19:06 of 1st period - Stopped by Anders Lindback with a rebound.
19:47 of 1st period - Slapshot by Matt Nieto.
19:47 of 1st period - Stopped by Devan Dubnyk without a rebound.
19:48 of 1st period - Scottie Upshall wins face-off versus Teddy Purcell in Devils zone.
Goals for this period are 2 for Devils vs 0 for BlueJackets.
Shots for this period are 10 for Devils vs 8 for BlueJackets.

2nd period


0:01 of 2nd period - Paul Stastny wins face-off versus Teddy Purcell in neutral zone.
0:20 of 2nd period - Snap shot by Tyler Johnson.
0:20 of 2nd period - Shot Misses the Net.
0:28 of 2nd period - Snap shot by Sam Gagner.
0:28 of 2nd period - Stopped by Devan Dubnyk without a rebound.
0:29 of 2nd period - Drew Shore wins face-off versus Matt Cullen in Devils zone.
0:30 of 2nd period - Snap shot by Ryane Clowe.
0:30 of 2nd period - Deflect By Drew Shore.
0:30 of 2nd period - Shot Misses the Net.
0:30 of 2nd period - Puck is out of play.
0:31 of 2nd period - Chris Thorburn wins face-off versus Matt Cullen in Devils zone.
1:00 of 2nd period - Wrist shot by Matt Cullen.
1:00 of 2nd period - Shot Blocked by Seth Helgeson.
1:02 of 2nd period - Snap shot by Scottie Upshall.
1:02 of 2nd period - Shot Misses the Net.
1:04 of 2nd period - Snap shot by Matt Cullen.
1:04 of 2nd period - Goal by Matt Cullen - Devils : 3 - BlueJackets : 0.
1:05 of 2nd period - Teddy Purcell wins face-off versus Paul Stastny in neutral zone.
1:33 of 2nd period - Minor Penalty to Andrej Meszaros for Slashing.
1:34 of 2nd period - Matt Cullen wins face-off versus Teddy Purcell in BlueJackets zone.
2:37 of 2nd period - Wrist shot by Tyler Johnson.
2:37 of 2nd period - Shot Blocked by Chad Ruhwedel.
2:51 of 2nd period - Snap shot by Paul Stastny.
2:51 of 2nd period - Deflect By Patrick Wiercioch.
2:51 of 2nd period - Goal by Paul Stastny - Devils : 4 - BlueJackets : 0.
2:51 of 2nd period - Joni Ortio enters game.
2:52 of 2nd period - Drew Shore wins face-off versus Andrew Miller in neutral zone.
3:59 of 2nd period - Raphael Diaz is hit by Scottie Upshall.
5:50 of 2nd period - Brian Dumoulin is hit by Chris Porter and loses puck.
6:17 of 2nd period - Snap shot by Jason Akeson.
6:17 of 2nd period - Shot Misses the Net.
6:19 of 2nd period - Slapshot by Matt Greene.
6:19 of 2nd period - Shot Misses the Net.
6:27 of 2nd period - Slapshot by Andrew Miller.
6:27 of 2nd period - Stopped by Joni Ortio with a rebound.
6:47 of 2nd period - Nick Shore is hit by Matt Greene.
6:57 of 2nd period - Snap shot by Magnus Paajarvi.
6:57 of 2nd period - Shot Misses the Net.
7:09 of 2nd period - Wrist shot by Ryan Garbutt.
7:09 of 2nd period - Shot Misses the Net.
7:11 of 2nd period - Slapshot by Andrej Meszaros.
7:11 of 2nd period - Shot Misses the Net.
7:46 of 2nd period - Tyler Johnson is hit by Drew Shore and loses puck.
7:53 of 2nd period - Ryane Clowe is hit by Tyler Johnson and loses puck.
8:32 of 2nd period - Snap shot by Matt Nieto.
8:32 of 2nd period - Stopped by Devan Dubnyk with a rebound.
8:34 of 2nd period - Snap shot by Andrej Meszaros.
8:34 of 2nd period - Stopped by Devan Dubnyk with a rebound.
8:36 of 2nd period - Snap shot by Nick Shore.
8:36 of 2nd period - Stopped by Devan Dubnyk with a rebound.
8:46 of 2nd period - Andrej Meszaros is hit by Chris Porter.
9:28 of 2nd period - Wrist shot by Paul Stastny.
9:28 of 2nd period - Shot Misses the Net.
9:30 of 2nd period - Wrist shot by Drew Stafford.
9:30 of 2nd period - Goal by Drew Stafford - Devils : 5 - BlueJackets : 0.
9:31 of 2nd period - Paul Stastny wins face-off versus Nick Shore in neutral zone.
9:56 of 2nd period - Wrist shot by Austin Watson.
9:56 of 2nd period - Stopped by Devan Dubnyk with a rebound.
10:06 of 2nd period - Snap shot by Sam Gagner.
10:06 of 2nd period - Shot Misses the Net.
12:09 of 2nd period - Chris Wideman is hit by Austin Watson and loses puck.
12:24 of 2nd period - Chris Wideman is hit by Andrej Meszaros and loses puck.
12:43 of 2nd period - Radko Gudas is hit by Chris Thorburn.
13:56 of 2nd period - Chris Porter is hit by Brian Dumoulin and loses puck.
14:19 of 2nd period - Snap shot by Drew Stafford.
14:19 of 2nd period - Stopped by Joni Ortio with a rebound.
14:54 of 2nd period - Icing by Brad Hunt.
14:55 of 2nd period - Paul Stastny wins face-off versus Ryan Garbutt in Devils zone.
15:15 of 2nd period - Wrist shot by Scottie Upshall.
15:15 of 2nd period - Shot Blocked by Andrej Meszaros.
15:17 of 2nd period - Slapshot by David Warsofsky.
15:17 of 2nd period - Stopped by Joni Ortio with a rebound.
15:19 of 2nd period - Slapshot by Chris Wideman.
15:19 of 2nd period - Shot Hit the Post.
15:21 of 2nd period - Wrist shot by Ales Hemsky.
15:21 of 2nd period - Deflect By Ryan Garbutt.
15:21 of 2nd period - Shot Blocked by Patrick Wiercioch.
15:21 of 2nd period - Puck is out of play.
15:22 of 2nd period - Nick Shore wins face-off versus Matt Cullen in BlueJackets zone.
15:51 of 2nd period - Wrist shot by Ryane Clowe.
15:51 of 2nd period - Deflect By Nick Shore.
15:51 of 2nd period - Deflect By Chris Wideman.
15:51 of 2nd period - Shot Blocked by Andrew Miller.
15:51 of 2nd period - Puck is out of play.
15:52 of 2nd period - Drew Shore wins face-off versus Andrew Miller in Devils zone.
15:53 of 2nd period - Snap shot by Ryane Clowe.
15:53 of 2nd period - Deflect By Drew Shore.
15:53 of 2nd period - Shot Misses the Net.
15:53 of 2nd period - Puck is out of play.
15:54 of 2nd period - Drew Shore wins face-off versus Andrew Miller in Devils zone.
16:17 of 2nd period - Snap shot by Andrew Miller.
16:17 of 2nd period - Stopped by Joni Ortio with a rebound.
16:37 of 2nd period - Slapshot by Tyler Johnson.
16:37 of 2nd period - Shot Misses the Net.
16:45 of 2nd period - Minor Penalty to Radko Gudas for Goalie Interference.
16:46 of 2nd period - Matt Cullen wins face-off versus Teddy Purcell in Devils zone.
16:55 of 2nd period - Backhand shot by Scottie Upshall.
16:55 of 2nd period - Stopped by Joni Ortio with a rebound.
16:57 of 2nd period - Slapshot by Matt Cullen.
16:57 of 2nd period - Shot Misses the Net.
18:45 of 2nd period - Penalty to Radko Gudas is over, Radko Gudas is back on ice.
19:00 of 2nd period - Wrist shot by Nick Shore.
19:00 of 2nd period - Shot Misses the Net.
19:06 of 2nd period - Snap shot by Magnus Paajarvi.
19:06 of 2nd period - Shot Misses the Net.
19:08 of 2nd period - Slapshot by Brian Dumoulin.
19:08 of 2nd period - Deflect By Scottie Upshall.
19:08 of 2nd period - Stopped by Devan Dubnyk without a rebound.
19:09 of 2nd period - Paul Stastny wins face-off versus Nick Shore in Devils zone.
19:09 of 2nd period - Paul Stastny is hit by Nick Shore.
Goals for this period are 3 for Devils vs 0 for BlueJackets.
Shots for this period are 8 for Devils vs 6 for BlueJackets.

3rd period


0:01 of 3rd period - Paul Stastny wins face-off versus Teddy Purcell in neutral zone.
0:25 of 3rd period - Icing by Teddy Purcell.
0:26 of 3rd period - Matt Cullen wins face-off versus Teddy Purcell in BlueJackets zone.
0:39 of 3rd period - Snap shot by Scottie Upshall.
0:39 of 3rd period - Goal by Scottie Upshall - Devils : 6 - BlueJackets : 0.
0:40 of 3rd period - Paul Stastny wins face-off versus Drew Shore in neutral zone.
0:43 of 3rd period - Drew Shore is hit by Matt Greene and loses puck.
0:54 of 3rd period - Wrist shot by Ryane Clowe.
0:54 of 3rd period - Stopped by Devan Dubnyk with a rebound.
1:10 of 3rd period - Wrist shot by Drew Shore.
1:10 of 3rd period - Shot Misses the Net.
1:12 of 3rd period - Snap shot by Andrej Meszaros.
1:12 of 3rd period - Shot Blocked by Chris Wideman.
1:14 of 3rd period - Slapshot by Andrej Meszaros.
1:14 of 3rd period - Goal by Andrej Meszaros - Devils : 6 - BlueJackets : 1.
1:15 of 3rd period - Ales Hemsky wins face-off versus Teddy Purcell in neutral zone.
1:36 of 3rd period - Snap shot by Sam Gagner.
1:36 of 3rd period - Stopped by Devan Dubnyk with a rebound.
1:58 of 3rd period - Minor Penalty to Teddy Purcell for High sticking.
1:59 of 3rd period - Paul Stastny wins face-off versus Austin Watson in BlueJackets zone.
2:23 of 3rd period - Snap shot by Tyler Johnson.
2:23 of 3rd period - Shot Misses the Net.
2:25 of 3rd period - Snap shot by Tyler Johnson.
2:25 of 3rd period - Goal by Tyler Johnson - Devils : 7 - BlueJackets : 1.
2:26 of 3rd period - Matt Cullen wins face-off versus Matt Nieto in neutral zone.
2:45 of 3rd period - Patrick Wiercioch is hit by Matt Greene and loses puck.
2:54 of 3rd period - Snap shot by Andrej Meszaros.
2:54 of 3rd period - Stopped by Devan Dubnyk with a rebound.
2:56 of 3rd period - Slapshot by Patrick Wiercioch.
2:56 of 3rd period - Stopped by Devan Dubnyk with a rebound.
3:08 of 3rd period - Minor Penalty to Chris Wideman for Hooking.
3:09 of 3rd period - Matt Cullen wins face-off versus Drew Shore in Devils zone.
3:18 of 3rd period - Backhand shot by Matt Cullen.
3:18 of 3rd period - Stopped by Joni Ortio with a rebound.
3:20 of 3rd period - Slapshot by Brad Hunt.
3:20 of 3rd period - Shot Blocked by Drew Shore.
3:22 of 3rd period - Wrist shot by Scottie Upshall.
3:22 of 3rd period - Stopped by Joni Ortio with a rebound.
3:38 of 3rd period - Slapshot by Drew Shore.
3:38 of 3rd period - Shot Blocked by Radko Gudas.
4:05 of 3rd period - Matt Nieto is hit by Radko Gudas and loses puck.
4:14 of 3rd period - Radko Gudas is hit by Matt Nieto and loses puck.
4:31 of 3rd period - Minor Penalty to Chris Thorburn for Holding Stick.
4:32 of 3rd period - Magnus Paajarvi wins face-off versus Paul Stastny in BlueJackets zone.
5:08 of 3rd period - Penalty to Chris Wideman is over, Chris Wideman is back on ice.
5:43 of 3rd period - Wrist shot by Tyler Johnson.
5:43 of 3rd period - Shot Blocked by Andrej Meszaros.
5:45 of 3rd period - Slapshot by Tyler Johnson.
5:45 of 3rd period - Shot Misses the Net.
6:03 of 3rd period - Wrist shot by Scottie Upshall.
6:03 of 3rd period - Shot Misses the Net.
6:05 of 3rd period - Snap shot by Zach Boychuk.
6:05 of 3rd period - Shot Misses the Net.
6:09 of 3rd period - Slapshot by Matt Cullen.
6:09 of 3rd period - Shot Blocked by Andrej Meszaros.
6:28 of 3rd period - Drew Stafford is hit by Patrick Wiercioch and loses puck.
6:31 of 3rd period - Penalty to Chris Thorburn is over, Chris Thorburn is back on ice.
6:41 of 3rd period - Zach Boychuk is hit by Chris Thorburn and loses puck.
6:52 of 3rd period - Ryane Clowe is hit by Scooter Vaughan and loses puck.
7:12 of 3rd period - Chris Thorburn is hit by Zach Boychuk.
7:32 of 3rd period - Backhand shot by Sam Gagner.
7:32 of 3rd period - Shot Misses the Net.
8:16 of 3rd period - Chris Thorburn is hit by Matt Greene and loses puck.
8:49 of 3rd period - Snap shot by Ryan Garbutt.
8:49 of 3rd period - Shot Misses the Net.
8:59 of 3rd period - Snap shot by Matt Cullen.
8:59 of 3rd period - Stopped by Joni Ortio with a rebound.
9:01 of 3rd period - Backhand shot by Matt Greene.
9:01 of 3rd period - Stopped by Joni Ortio with a rebound.
9:35 of 3rd period - Snap shot by Andrew Miller.
9:35 of 3rd period - Stopped by Joni Ortio without a rebound.
9:36 of 3rd period - Sam Gagner wins face-off versus Andrew Miller in BlueJackets zone.
9:47 of 3rd period - Wrist shot by Matt Nieto.
9:47 of 3rd period - Stopped by Devan Dubnyk without a rebound.
9:48 of 3rd period - Teddy Purcell wins face-off versus Paul Stastny in Devils zone.
9:54 of 3rd period - Icing by Tyler Johnson.
9:55 of 3rd period - Teddy Purcell wins face-off versus Drew Stafford in Devils zone.
10:01 of 3rd period - Minor Penalty to Teddy Purcell for Hooking.
10:02 of 3rd period - Austin Watson wins face-off versus Paul Stastny in BlueJackets zone.
10:07 of 3rd period - Icing by Brad Hunt.
10:08 of 3rd period - Paul Stastny wins face-off versus Austin Watson in Devils zone.
10:08 of 3rd period - Paul Stastny is hit by Magnus Paajarvi.
10:34 of 3rd period - Slapshot by Scottie Upshall.
10:34 of 3rd period - Deflect By Andrej Meszaros.
10:34 of 3rd period - Shot Blocked by Andrej Meszaros.
10:34 of 3rd period - Puck is out of play.
10:35 of 3rd period - Austin Watson wins face-off versus Matt Cullen in BlueJackets zone.
11:25 of 3rd period - Snap shot by Drew Stafford.
11:25 of 3rd period - Goal by Drew Stafford - Devils : 8 - BlueJackets : 1.
11:26 of 3rd period - Matt Cullen wins face-off versus Teddy Purcell in neutral zone.
12:45 of 3rd period - Brad Hunt is hit by Andrej Meszaros.
12:59 of 3rd period - Wrist shot by Zach Boychuk.
12:59 of 3rd period - Stopped by Joni Ortio with a rebound.
13:01 of 3rd period - Wrist shot by Matt Greene.
13:01 of 3rd period - Shot Misses the Net.
13:03 of 3rd period - Snap shot by Matt Greene.
13:03 of 3rd period - Shot Misses the Net.
13:05 of 3rd period - Snap shot by Andrew Miller.
13:05 of 3rd period - Deflect By Zach Boychuk.
13:05 of 3rd period - Stopped by Joni Ortio with a rebound.
13:07 of 3rd period - Snap shot by Jason Akeson.
13:07 of 3rd period - Shot Blocked by Andrej Meszaros.
13:39 of 3rd period - Wrist shot by Teddy Purcell.
13:39 of 3rd period - Shot Misses the Net.
13:41 of 3rd period - Wrist shot by Ryan Garbutt.
13:41 of 3rd period - Shot Blocked by Matt Greene.
13:43 of 3rd period - Slapshot by Seth Helgeson.
13:43 of 3rd period - Deflect By Tyler Johnson.
13:43 of 3rd period - Stopped by Devan Dubnyk with a rebound.
13:45 of 3rd period - Wrist shot by Ryan Garbutt.
13:45 of 3rd period - Shot Blocked by Chris Porter.
14:03 of 3rd period - Wrist shot by Magnus Paajarvi.
14:03 of 3rd period - Shot Blocked by Brad Hunt.
14:11 of 3rd period - Wrist shot by Austin Watson.
14:11 of 3rd period - Deflect By Magnus Paajarvi.
14:11 of 3rd period - Stopped by Devan Dubnyk without a rebound.
14:12 of 3rd period - Matt Cullen wins face-off versus Teddy Purcell in Devils zone.
15:04 of 3rd period - Snap shot by Nick Shore.
15:04 of 3rd period - Stopped by Devan Dubnyk with a rebound.
15:06 of 3rd period - Snap shot by Nick Shore.
15:06 of 3rd period - Stopped by Devan Dubnyk without a rebound.
15:07 of 3rd period - Drew Shore wins face-off versus Andrew Miller in Devils zone.
15:14 of 3rd period - Slapshot by Matt Irwin.
15:14 of 3rd period - Shot Blocked by Chris Thorburn.
16:02 of 3rd period - Matt Nieto is hit by Drew Stafford and loses puck.
16:09 of 3rd period - Wrist shot by Tyler Johnson.
16:09 of 3rd period - Shot Blocked by Teddy Purcell.
16:34 of 3rd period - Brad Hunt is hit by Nick Shore and loses puck.
16:40 of 3rd period - Off-side.
16:41 of 3rd period - Ryan Garbutt wins face-off versus Brendan Shinnimin in neutral zone.
17:04 of 3rd period - Backhand shot by Andrew Miller.
17:04 of 3rd period - Stopped by Joni Ortio with a rebound.
18:30 of 3rd period - Icing by Andrej Meszaros.
18:31 of 3rd period - Zach Boychuk wins face-off versus Nick Shore in BlueJackets zone.
19:06 of 3rd period - Slapshot by Ryane Clowe.
19:06 of 3rd period - Stopped by Devan Dubnyk with a rebound.
19:08 of 3rd period - Snap shot by Drew Shore.
19:08 of 3rd period - Shot Misses the Net.
Goals for this period are 3 for Devils vs 1 for BlueJackets.
Shots for this period are 11 for Devils vs 11 for BlueJackets.